 Dungeon Crawl Stone Soup version 0.21.1-1-g345015f (webtiles) character file.

1395 Lilu the Destroyer (level 8, 0/52 HPs)
             Began as a Deep Elf Conjurer on July 30, 2018.
             Was a Follower of Vehumet.
             Slain by an adder (4 damage)
             ... in a sewer.
             The game lasted 00:24:27 (6561 turns).

Lilu the Destroyer (Deep Elf Conjurer)              Turns: 6561, Time: 00:24:28

Health: 0/52       AC:  2    Str:  7    XL:     8   Next: 41%
Magic:  4/14       EV: 16    Int: 21    God:    Vehumet [*.....]
Gold:   618        SH:  0    Dex: 15    Spells: 3/13 levels left

rFire    . . .     SeeInvis .   h - +10 spear of the Lurker {freeze, rPois MR+}
rCold    + . .     Gourm    .   (no shield)
rNeg     . . .     Faith    .   a - +0 robe
rPois    +         Spirit   .   (no helmet)
rElec    .         Reflect  .   (no cloak)
rCorr    .         Harm     .   (no gloves)
MR       +....                  (no boots)
Stlth    +.........             (no amulet)
HPRegen  0.17/turn              p - +3 ring of evasion
MPRegen  0.14/turn              H - ring of protection from cold

@: very slow
A: no striking features
a: Renounce Religion


You were in a sewer.
You worshipped Vehumet.
Vehumet was aware of your devotion.
You were not hungry.

You visited 2 branches of the dungeon, and saw 7 of its levels.
You also visited: Sewer and Ossuary.

You collected 618 gold pieces.

Inventory:

Hand Weapons
 h - the +10 spear of the Lurker (weapon) {freeze, rPois MR+}
   (You found it on level 4 of the Dungeon)

   It has been specially enchanted to freeze those struck by it, causing extra
   injury to most foes and up to half again as much damage against particularly
   susceptible opponents.
   It can also slow down cold-blooded creatures.
   It protects you from poison.
   It affects your resistance to hostile enchantments.
 t - a +0 dagger of draining
 D - a +0 shortbow
 E - a +0 shortbow
Missiles
 i - 37 sling bullets
 l - 89 arrows
Armour
 a - a +0 robe (worn)
Jewellery
 p - a +3 ring of evasion (left hand)
 H - a ring of protection from cold (right hand)
Wands
 v - a wand of iceblast (6)
Scrolls
 d - 5 scrolls of teleportation {unknown}
 f - 5 scrolls of identify {unknown}
 m - 2 scrolls of magic mapping {unknown}
 n - a scroll of amnesia {unknown}
 q - 2 scrolls of blinking {unknown}
 w - a scroll of remove curse {unknown}
 B - a scroll of noise {unknown}
 G - 2 scrolls of random uselessness {unknown}
 I - 2 scrolls of fog {unknown}
Potions
 e - 4 potions of curing {unknown}
 g - a potion of resistance {unknown}
 j - a potion of flight {unknown}
 k - a potion of invisibility
 o - 2 potions of agility {unknown}
 r - a potion of lignification {unknown}
 s - 3 potions of heal wounds {unknown}
 u - 3 potions of haste {unknown}
 z - 2 potions of brilliance {unknown}
 A - 2 potions of degeneration {unknown}
 C - 2 potions of magic {unknown}
Books
 b - a book of Conjurations

   Spells                             Type                      Level
   a - Magic Dart                     Conjuration                  1
   b - Searing Ray                    Conjuration                  2
   c - Dazzling Spray                 Conjuration/Hexes            3
   d - Fulminant Prism                Conjuration/Hexes            4
   e - Force Lance                    Conjuration/Translocation    4
   f - Iskenderun's Mystic Blast      Conjuration                  4
 x - a book of Cantrips

   Spells                             Type                      Level
   a - Confusing Touch                Hexes                        1
   b - Animate Skeleton               Necromancy                   1
   c - Summon Small Mammal            Summoning                    1
   d - Apportation                    Translocation                1
 y - a book of Air

   Spells                             Type                      Level
   a - Shock                          Conjuration/Air              1
   b - Swiftness                      Charms/Air                   2
   c - Static Discharge               Conjuration/Air              3
   d - Airstrike                      Air                          4
   e - Lightning Bolt                 Conjuration/Air              5
Comestibles
 c - 9 rations
 F - 8 chunks of flesh


   Skills:
 + Level 6.9 Fighting
 - Level 2.4 Dodging
 - Level 2.4 Stealth
 - Level 3.0 Spellcasting
 - Level 8.0 Conjurations


You had 3 spell levels left.
You knew the following spells:

 Your Spells              Type           Power        Failure   Level  Hunger
a - Magic Dart            Conj           ####         1%          1    None
b - Searing Ray           Conj           #####.       1%          2    ##.....
c - Iskenderun's Mystic   Conj           #####...     4%          4    ####...
d - Static Discharge      Conj/Air       ###.....     8%          3    ###....


Dungeon Overview and Level Annotations

Branches:
Dungeon (6/15)             Temple (1/1) D:6

Altars:
Cheibriados
Dithmenos
Elyvilon
Gozag
Hepliaklqana
Kikubaaqudgha
Makhleb
Okawaru
Ru
Sif Muna
Trog
Uskayaw
Vehumet
Wu Jian
Yredelemnul
Zin
The Shining One


Message History

The ball python constricts you.
You puncture the ball python! You freeze the ball python.
You kill the ball python!
Vehumet accepts your kill. The adder closely misses you.
The adder barely misses you. The ball python misses you.
The ball python constricts you. The adder completely misses you.
Your unstable footing causes you to fumble your attack.
The adder misses you. The ball python bites you.
* * * LOW HITPOINT WARNING * * *
x2 The ball python constricts you.
The adder barely misses you. x2
You hit the ball python.
The ball python seems to slow down.
You freeze the ball python.
You kill the ball python!
Vehumet accepts your kill. The adder closely misses you.
The adder barely misses you. The adder completely misses you.
The adder closely misses you. The adder misses you. The adder bites you.
You die...

##...............##
#.........#.......#
##......##'##......##
#......##..###......#
##≈≈.≈###..# ##.≈≈≈##
#≈≈≈≈≈≈##### #÷≈≈≈≈≈#
#≈≈≈≈≈≈# #≈≈≈≈≈≈#
#≈≈≈≈≈≈# #≈≈≈≈≈≈#
#≈≈≈@≈≈# #≈≈≈≈≈≈#
#≈≈SS≈≈# #≈≈≈≈≈≈#
#≈≈≈≈≈≈# #≈≈..≈##
#≈≈≈≈≈≈# #≈≈....#
#≈.≈≈≈≈# #≈.≈≈.##
#≈†≈≈≈≈# #≈≈≈≈≈≈#
#≈≈#≈≈≈# #≈≈≈≈≈≈#
#≈#≈≈≈≈# #≈≈≈≈≈≈#
#≈≈≈≈≈≈# #≈≈≈≈≈≈#


You could see 2 adders.

Vanquished Creatures
  Sigmund (D:5)
  Menkaure (D:5)
  An ogre (D:5)
  2 centaurs (D:5)
  2 bullfrogs (Sewer)
  2 crimson imps (D:5)
  A bullfrog zombie (D:5)
  A hound (D:4)
  2 jellies (D:5)
  2 orc wizards
  2 iguanas
  3 big kobold zombies (Ossuary)
  A hound zombie (D:6)
  2 mummies (Ossuary)
  A worker ant zombie (D:5)
  14 adders
  7 river rats
  An adder skeleton (D:4)
  2 worms
  5 leopard geckos
  8 orcs
  2 giant cockroaches (D:3)
  5 gnoll zombies (Ossuary)
  9 goblins
  8 hobgoblins
  11 jackals (D:5)
  2 quokkas (D:2)
  10 ball pythons
  7 bats
  11 frilled lizards
  3 goblin zombies (Ossuary)
  2 hobgoblin zombies (Ossuary)
  13 kobolds
  A leopard gecko skeleton (D:5)
  An orc zombie (Ossuary)
  26 rats
172 creatures vanquished.

Notes
Turn   | Place    | Note
-------+----------+-------------------------------------------
     0 | D:1      | Lilu the Deep Elf Conjurer began the quest for the Orb.
     0 | D:1      | Reached XP level 1. HP: 10/10 MP: 6/6
   158 | D:1      | Reached XP level 2. HP: 7/15 MP: 4/8
   160 | D:1      | Reached skill level 5 in Conjurations
   348 | D:1      | Learned a level 2 spell: Searing Ray
   557 | D:2      | Reached XP level 3. HP: 19/19 MP: 3/9
   819 | D:2      | Found a hide-covered altar of Uskayaw.
   820 | D:2      | Found an ancient bone altar of Kikubaaqudgha.
  1083 | D:2      | Found a burning altar of Makhleb.
  1803 | D:3      | Found a basalt altar of Yredelemnul.
  1827 | D:3      | Reached skill level 6 in Conjurations
  1827 | D:3      | Reached XP level 4. HP: 16/24 MP: 2/10
  2625 | D:3      | Learned a level 4 spell: Iskenderun's Mystic Blast
  2760 | D:4      | Reached skill level 7 in Conjurations
  2760 | D:4      | Reached XP level 5. HP: 28/28 MP: 8/11
  2787 | D:4      | Found an iron altar of Okawaru.
  2901 | D:4      | Got an encrusted spear
  2902 | D:4      | Identified the +10 spear of the Lurker {freeze, rPois MR+} (You found it on level 4 of the Dungeon)
  2906 | D:4      | Found a sand-covered staircase.
  2918 | Ossuary  | Entered an ossuary
  3372 | D:4      | Reached skill level 8 in Conjurations
  3417 | D:4      | Reached XP level 6. HP: 26/32 MP: 8/12
  3600 | D:4      | Reached skill level 1 in Fighting
  3800 | D:4      | Found an ornate altar of the Wu Jian Council.
  3912 | D:4      | Found an opulent altar of Gozag.
  4247 | D:5      | Entered Level 5 of the Dungeon
  4443 | D:5      | Found a bloodstained altar of Trog.
  4538 | D:5      | Noticed Sigmund
  4576 | D:5      | Killed Sigmund
  4576 | D:5      | Reached XP level 7. HP: 15/42 MP: 3/13
  4845 | D:5      | Noticed Menkaure
  4883 | D:5      | Killed Menkaure
  4883 | D:5      | Reached skill level 5 in Fighting
  5411 | D:5      | Reached XP level 8. HP: 51/51 MP: 9/14
  5783 | D:6      | Found a staircase to the Ecumenical Temple.
  5798 | Temple   | Entered the Ecumenical Temple
  5837 | Temple   | Became a worshipper of Vehumet
  5900 | D:6      | Found a glowing drain.
  5928 | Sewer    | Entered a sewer
  6133 | Sewer    | Learned a level 3 spell: Static Discharge
  6542 | Sewer    | Reached * piety under Vehumet
  6542 | Sewer    | Offered knowledge of Flame Tongue by Vehumet.
  6561 | Sewer    | Slain by an adder

Skill      XL: |  1  2  3  4  5  6  7  8 |
---------------+-------------------------+-----
Conjurations   | 5 6 7 8 |  8.0
Fighting       | 3 5 6 |  6.9
Dodging        | |  2.4
Stealth        | |  2.4
Spellcasting   | |  3.0

Action                   |  1- 3 |  4- 6 |  7- 9 || total
-------------------------+-------+-------+-------++-------
Melee: Dagger            |    10 |    28 |       ||    38
       Spear             |       |    77 |   133 ||   210
 Cast: Magic Dart        |    63 |    57 |    11 ||   131
       Searing Ray       |     1 |     8 |     4 ||    13
       Iskenderun's Myst |       |     1 |     9 ||    10
 Stab: Sleeping          |       |     2 |     3 ||     5
  Eat: Chunk             |     2 |     3 |     8 ||    13
       Ration            |     1 |     1 |       ||     2
Armor: Robe              |     2 |     7 |    14 ||    23
Dodge: Dodged            |     7 |    55 |   159 ||   221
